Map: [ESL] Inside and Out

Players

DnS - Winner!

  • Race: Protoss Protoss
  • Spawn Location: 7:00

Bly

  • Race: Zerg Zerg
  • Spawn Location: 1:00

Event: DreamHack SC2 Masters 2022 Atlanta (Online)

VOD

Have the link to the VOD?

Description

Time

  • Played on: Oct. 6, 2022, 2:24 p.m.
  • Length: 10:25

All games in this series

Show
View Real Time Build Order
Export as new Build Order

DnS Protoss - Winner!

Build Orders: 1 Gate Expand, Archon Immortal, Archon Drop, Dark Templar Rush 

Get SALT Encoding   

  12  0:00  Probe  
  13  0:12  Probe  
  14  0:19  Pylon  
  14  0:24  Probe  
  15  0:37  Probe (Chrono Boost)  
  16  0:43  Gateway  
  16  0:47  Probe (Chrono Boost)  
  16  0:48  Assimilator  
  17  0:52  Probe (Chrono Boost)  
  18  1:03  Probe  
  19  1:15  Probe  
  20  1:25  Nexus  
  20  1:35  Cybernetics Core  
  20  1:37  Probe  
  21  1:45  Assimilator  
  21  1:49  Probe  
  21  1:53  Pylon  
  22  2:01  Probe  
  23  2:08  Adept (Chrono Boost)  
  23  2:12  Warp Gate  
  23  2:14  Probe (Chrono Boost)  
  27  2:23  Probe (Chrono Boost)  
  27  2:27  Twilight Council  
  27  2:28  Probe  
  27  2:33  Stalker (Chrono Boost)  
  30  2:38  Probe  
  30  2:40  Probe  
  32  2:50  Probe  
  33  2:52  Probe  
  34  3:02  Probe  
  34  3:07  Robotics Facility  
  34  3:08  Probe  
  35  3:15  Probe  
  36  3:20  Probe  
  36  3:25  Dark Shrine  
  37  3:28  Probe  
  37  3:32  Probe  
  37  3:33  Gateway  
  39  3:40  Probe  
  40  3:44  Probe  
  40  3:47  Gateway  
  41  3:48  Gateway  
  41  3:53  Warp Prism (Chrono Boost)  
  41  4:02  Pylon  
  43  4:03  Adept  
  45  4:11  Probe  
  45  4:13  Assimilator  
  45  4:15  Assimilator  
  45  4:16  Pylon  
  46  4:20  Probe  
  46  4:23  Probe  
  48  4:29  Pylon  
  48  4:32  Probe  
  48  4:36  Probe  
  50  4:44  Probe  
  51  4:49  Dark Templar, Probe  
  51  4:50  Dark Templar x3  
  60  4:56  Probe  
  60  4:58  Pylon  
  60  4:59  Shield Battery  
  61  5:01  Probe  
  56  5:17  Probe (Chrono Boost)  
  56  5:21  Probe (Chrono Boost)  
  57  5:29  Probe (Chrono Boost)  
  57  5:32  Probe (Chrono Boost)  
  57  5:34  Dark Templar  
  57  5:35  Archon  
  60  5:36  Probe (Chrono Boost)  
  60  5:37  Immortal (Chrono Boost), Probe (Chrono Boost)  
  60  5:39  Archon  
  66  5:45  Probe  
  66  5:48  Probe  
  68  5:50  Dark Templar  
  68  5:53  Zealot, Sentry  
  74  5:58  Probe  
  74  6:00  Probe  
  74  6:06  Charge (Chrono Boost)  
  74  6:10  Gateway  
  74  6:11  Gateway  
  74  6:13  Immortal (Chrono Boost)  
  74  6:15  Gateway  
  74  6:17  Pylon  
  76  6:22  Sentry  
  78  6:27  Nexus  
  78  6:35  Probe x2  
  80  6:40  Pylon  
  80  6:42  Immortal (Chrono Boost)  
  80  6:44  Pylon  
  84  6:51  Sentry  
  86  6:58  Probe x2, Pylon  
  88  7:10  Sentry  
  88  7:11  Zealot x4, Sentry  
  100  7:17  Immortal  
  104  7:29  Shield Battery  
  100  7:31  Shield Battery  
  100  7:37  Stalker x3  
  102  7:40  Stalker  
  104  7:47  Stalker  
  99  8:07  Dark Templar x3  
  99  8:11  Archon  
  99  8:12  Probe x2  
  106  8:26  Probe x2  
  106  8:39  Stalker x6  
  110  8:59  Zealot  
  106  9:04  Zealot x7  
  106  9:05  Probe  
  106  9:06  Probe x2  
  115  9:18  Probe  
  112  9:25  Zealot x7  
  120  9:35  Probe  
  110  9:45  Stalker x7  
  110  9:48  Probe  
  110  9:49  Probe  
  110  9:50  Probe  
  125  10:02  Probe  
  118  10:08  Sentry x2  
  118  10:09  Stalker  
  125  10:16  Shield Battery  
  124  10:22  Pylon  
  124  10:23  Pylon x2  
Show
View Real Time Build Order
Export as new Build Order

Bly Zerg 

Build Orders: Hatch First 

Get SALT Encoding   

  12  0:00  Drone  
  13  0:12  Overlord  
  13  0:18  Drone  
  14  0:31  Drone x2  
  16  0:45  Drone  
  17  0:51  Hatchery  
  17  0:54  Drone  
  17  0:59  Drone  
  18  1:12  Extractor  
  18  1:13  Spawning Pool  
  18  1:18  Drone  
  17  1:21  Drone  
  18  1:29  Drone  
  19  1:39  Drone  
  20  1:51  Overlord  
  20  2:01  Queen  
  20  2:03  Zergling x4, Queen  
  26  2:13  Drone  
  26  2:14  Metabolic Boost  
  27  2:26  Drone  
  27  2:27  Drone x2  
  30  2:38  Hatchery  
  30  2:43  Zergling x2  
  30  2:48  Queen  
  32  2:53  Drone x2  
  34  3:11  Drone x3, Overlord  
  34  3:25  Zergling x4  
  36  3:30  Lair  
  36  3:34  Zergling x6  
  38  3:36  Drone  
  38  3:39  Drone  
  41  3:42  Roach Warren  
  40  3:51  Drone x3  
  43  4:08  Drone x7  
  49  4:15  Overlord  
  49  4:22  Overlord  
  49  4:25  Extractor  
  49  4:29  Spore Crawler  
  49  4:30  Drone x2  
  49  4:32  Overlord  
  49  4:40  Zergling x8  
  49  4:42  Spore Crawler, Overseer  
  49  4:43  Drone x2  
  49  4:44  Drone x6  
  60  4:51  Spore Crawler  
  59  4:53  Drone x5  
  62  5:08  Roach x2  
  61  5:17  Zergling x10  
  63  5:24  Glial Reconstitution  
  63  5:25  Drone x5  
  68  5:30  Extractor x2  
  66  5:41  Drone x2  
  66  5:42  Drone x4  
  72  5:45  Extractor  
  72  5:47  Spire  
  69  5:51  Roach x2  
  69  5:54  Overlord  
  69  5:55  Overlord  
  69  5:56  Overlord  
  70  6:11  Overlord  
  65  6:14  Overlord  
  63  6:18  Roach  
  63  6:19  Roach x9  
  82  6:28  Drone x2  
  83  6:41  Overlord  
  83  6:43  Overlord  
  83  6:45  Extractor  
  82  6:58  Mutalisk  
  82  6:59  Mutalisk x4  
  92  7:05  Spine Crawler  
  89  7:14  Overseer  
  89  7:30  Drone x4  
  89  7:31  Drone x5  
  89  7:32  Drone x4  
  100  7:59  Zerg Flyer Weapons Level 1, Overlord x2  
  100  8:00  Overlord  
  88  8:06  Roach x8  
  104  8:23  Ravager x7  
  104  8:25  Hatchery  
  112  8:27  Roach x7  
  124  8:38  Roach x4  
  124  8:39  Roach x4  
  128  8:51  Roach x6  
  132  8:56  Roach x2  
  132  9:02  Roach  
  137  9:04  Overlord  
  137  9:08  Queen x2  
  130  9:21  Ravager  
  130  9:22  Ravager x4  
  131  9:26  Roach x9  
  131  9:35  Roach x2  
  124  9:42  Roach x4  
  86  9:53  Roach x2  
Tags
 
Add a new tag
Caveats
  • Supply blocks, unpowered buildings, or Contaminate may cause inaccurate times.
  • Supply counts are checked every 10 seconds.